AoeStats
← silvermoonknightgaming12345

Arabia

507126905Analyzed
1v1 RM · 17d ago on Sep 16, 2026· 48m 46s· 2 players
Game mode
Random Map
Map size
Tiny (2 player)
Population
200
Speed
Normal
Resources
Standard
Victory
Conquest
Starting age
Dark Age
Ending age
Imperial Age
RankedLock teamsTeams togetherTeam positionsShared explorationLock speedFull tech treeHidden civsTurbo modeCheats
Victory
Defeat
🇪🇸 Lithuanians · Spain
420
+19
495
-19
manitasc3rdo
0:27 Loom
14:08 Feudal Age
15:09 Double-Bit Axe
15:06 Horse Collar
26:52 Castle Age
25:57 Gold Mining
26:00 Stone Mining
26:07 Fletching
26:18 Padded Archer Armor
26:24 Scale Barding Armor
26:34 Forging
27:07 Bloodlines
28:56 Wheelbarrow
28:40 Husbandry
29:20 Chain Barding Armor
30:14 Stone Shaft Mining
29:52 Bow Saw
30:01 Hand Cart
29:50 Heavy Plow
32:01 Pikeman
32:42 Squires
36:57 Ballistics
36:33 Murder Holes
36:41 Scale Mail Armor
37:17 Iron Casting
36:38 Bodkin Arrow
41:49 Imperial Age
40:24 Thumb Ring
39:40 Elite Skirmisher
40:40 Chain Mail Armor
40:41 Leather Archer Armor
41:34 Light Cavalry
42:15 Halberdier
43:35 Plate Barding Armor
43:01 Bracer
44:04 Chemistry
45:22 Crop Rotation
45:56 Two-Man Saw
45:30 Ring Archer Armor
45:19 Town Watch
46:52 Town Patrol
silvermoonknightgaming12345
3:49 Loom
12:12 Feudal Age
13:50 Double-Bit Axe
14:40 Domestication
18:50 Wheelbarrow
19:33 Loom
20:21 Scale Barding Armor
20:27 Forging
24:23 Castle Age
25:51 Gold Mining
26:07 Pastoralism
26:43 Husbandry
31:31 Chain Barding Armor
31:47 Iron Casting
32:18 Hand Cart
36:13 Fletching
36:39 Stone Mining
40:06 Imperial Age
40:28 Masonry
40:01 Treadmill Crane
40:31 Town Watch
41:37 Bow Saw
41:30 Gambesons
41:50 Squires
44:33 Plate Barding Armor
44:00 Padded Archer Armor
43:57 Bodkin Arrow
44:39 Fervor
44:31 Devotion
47:07 Transhumance
46:46 Siege Engineers
46:45 Bracer
Connection lost

Rejoining the realm…

Still unreachable

The connection could not be restored.

Session expired

The server has moved on; the page needs a fresh start.